 Dungeon Crawl Stone Soup version 0.26-a0-540-g8a0c9464d7 (webtiles) character file.

Game seed: 7692806338822455609

57 Lanoc the Skirmisher (level 3, -2/36 HPs)
             Began as a Troll Delver on Aug 16, 2020.
             Slain by an orc wizard
             ... wielding a +0 dagger
              (3 damage)
             ... on level 4 of the Dungeon.
             The game lasted 00:00:44 (307 turns).

Lanoc the Skirmisher (Troll Delver)                  Turns: 307, Time: 00:00:44

Health: -2/36      AC:  6    Str: 20    XL:     3   Next: 73%
Magic:  2/2        EV: 10    Int:  6    God:
Gold:   5          SH:  0    Dex: 12    Spells: 2/2 levels left

rFire    . . .     SeeInvis .   a - +0 hand axe
rCold    . . .     Faith    .   (no shield)
rNeg     . . .     Spirit   .   b - +0 robe
rPois    .         Reflect  .   (helmet restricted)
rElec    .         Harm     .   (no cloak)
rCorr    .                      (gloves unavailable)
MR       .....                  (boots unavailable)
Stlth    ++........             (no amulet)
HPRegen  0.52/turn              (no ring)
MPRegen  0.08/turn              (no ring)

@: no status effects
A: large, unfitting armour, claws 3, regeneration 1, shaggy fur 1, tough skin 3
a: no special abilities


You were on level 4 of the Dungeon.
You visited 1 branch of the dungeon, and saw 2 of its levels.

You collected 5 gold pieces.

Inventory:

Hand Weapons
 a - a +0 hand axe (weapon)
Armour
 b - a +0 robe (worn)
Wands
 g - a wand of digging (3)
Scrolls
 c - a scroll of fog
 d - a scroll of magic mapping
 e - a scroll of fear
 h - a scroll of identify {unknown}
Potions
 f - a potion of haste


   Skills:
 + Level 2.8 Fighting
 * Level 2.6 Axes
 + Level 2.1 Dodging
 - Level 2.7 Stealth


You had 2 spell levels left.
You didn't know any spells.
Your spell library was empty.

Dungeon Overview and Level Annotations

Branches:
Dungeon (5/15)
 Temple: D:4-7

Altars:


Innate Abilities, Weirdness & Mutations

You are too large for most types of armour.
You have claws for hands.
Your natural rate of healing is unusually fast.
You are covered in fur. (AC +1)
You have extremely tough skin. (AC +3)


Message History

The orc wizard barely misses you.
The orc wizard hits you with a +0 dagger.
You hit the orc wizard.
The orc wizard is moderately wounded.
The orc wizard casts a spell.
The orc wizard blinks!
The orc wizard casts a spell at you. The magic dart hits you!
You hit the orc wizard but do no damage.
The orc wizard is moderately wounded.
The orc wizard points at you and mumbles some strange words.
The magic dart hits you!
* * * LOW HITPOINT WARNING * * *
The orc wizard completely misses you.
You hit the orc wizard.
The orc wizard is severely wounded.
The orc wizard hits you with a +0 dagger.
* * * LOW HITPOINT WARNING * * *
The orc wizard hits you with a +0 dagger.
You die...

#####
############†..#
#..............#
#o##########...###
#@# ##.#... #.#
#..... #.# ###.##
#)# #.# #.# #.#
#.. #.# ##.# #.#
.# #.# .#


You could see an orc wizard (fast).

Vanquished Creatures
  A centaur skeleton (D:4)
  2 gnolls (D:4)
  A worm (D:4)
  2 orcs (D:4)
6 creatures vanquished.

Notes
Turn   | Place    | Note
-------+----------+-------------------------------------------
     0 | D:5      | Lanoc the Troll Delver began the quest for the Orb.
     0 | D:5      | Reached XP level 1. HP: 22/22 MP: 0/0
    96 | D:4      | Reached XP level 2. HP: 10/29 MP: 1/1
    96 | D:4      | Reached XP level 3. HP: 13/36 MP: 2/2
   307 | D:4      | HP: 1/36 [orc wizard/+0 dagger (4)]
   307 | D:4      | Slain by an orc wizard

Illustrated notes

Levels and vault maps discovered:
D:4:      layout_loops_ring, serial_bayou_pond_d, uniq_pikel
D:5:      layout_basic

Skill      XL: |  1 |
---------------+----+-----
Axes           | 2 |  2.6
Dodging        | 2 |  2.1
Fighting       | |  2.8
Stealth        | |  2.7

Action                   || total
-------------------------++-------
Melee: Hand axe          ||    43
 Stab: Sleeping          ||     1
Armor: Robe              ||     9
Dodge: Dodged            ||    20

Table legend: (Time is in decaauts)
 A = Elapsed time spent in this place.
 B = Non-inter-level travel time spent in this place.
 C = Inter-level travel time spent in this place.
 D = Time resting spent in this place.
 E = Time spent auto-exploring this place.
 F = Levels seen in this place.
 G = Mean time per level.
                   A        B        C        D        E       F      G
               +--------+--------+--------+--------+--------+-----+--------+
         Total |    314 |    314 |      0 |      0 |    206 |   2 |  157.0 |
       Dungeon |    314 |    314 |      0 |      0 |    206 |   2 |  157.0 |
               +--------+--------+--------+--------+--------+-----+--------+

Top non-repeatable levels by time:
     D:4: 286 daAuts
     D:5: 28 daAuts
